 Dungeon Crawl Stone Soup version 0.19.5 (webtiles) character file.

1260 McKennaii the Thaumaturge (level 8, 0/41 HPs)
             Began as a Deep Elf Fire Elementalist on May 14, 2017.
             Was a Follower of Vehumet.
             Slain by a wyvern (8 damage)
             ... on level 7 of the Dungeon.
             The game lasted 00:12:55 (4462 turns).

McKennaii the Thaumaturge (DEFE)                    Turns: 4462, Time: 00:12:56

Health: 0/41       AC:  7    Str:  5    XL:     8   Next: 27%
Magic:  28/31      EV: 13    Int: 23    God:    Vehumet [*.....]
Gold:   118        SH:  0    Dex: 15    Spells: 6 memorised, 6 levels left

rFire  . . .     SeeInvis .     (no weapon)
rCold  x . .     Gourm    .     e - +2 leather armour of Serraj {rElec rC- MP+9}
rNeg   . . .     Faith    .     (no shield)
rPois  .         Spirit   .     o - +0 helmet
rElec  +         Reflect  .     d - +0 cloak
rCorr  .         Harm     .     (no gloves)
MR     .....                    (no boots)
Stlth  ++........               v - amulet of magic regeneration
                                (no ring)
                                f - ring of flight

@: no status effects
A: no striking features
a: Renounce Religion, Evoke Flight


You were on level 7 of the Dungeon.
You worshipped Vehumet.
Vehumet was aware of your devotion.
You were not hungry.

You visited 2 branches of the dungeon, and saw 8 of its levels.

You collected 279 gold pieces.
You spent 161 gold pieces at shops.

Inventory:

Armour
 d - a +0 cloak (worn)
 e - the +2 leather armour of Serraj (worn) {rElec rC- MP+9}
   (You bought it in a shop on level 6 of the Dungeon)

   It makes you vulnerable to cold.
   It insulates you from electricity.
   It affects your magic capacity (+9).
 o - a +0 helmet (worn)
Jewellery
 f - a ring of flight (left hand)
 q - an uncursed ring of positive energy {unknown}
 v - an amulet of magic regeneration (around neck)
Wands
 y - a wand of disintegration (16/24)
 A - a wand of slowing (26/48)
 B - a wand of iceblast (6/15)
Scrolls
 i - 5 scrolls of teleportation
 j - 3 scrolls of immolation
 n - 5 scrolls of identify
 w - 2 scrolls of remove curse
Potions
 h - a potion of haste {unknown}
 k - a potion of berserk rage {unknown}
 l - a potion of resistance {unknown}
 p - 3 potions of curing {unknown}
 r - 2 potions of degeneration {unknown}
 t - 2 potions of cancellation {unknown}
 u - a potion of invisibility {unknown}
 x - a potion of flight {unknown}
Books
 b - a book of Flames

   Spells                             Type                      Level
   a - Flame Tongue                   Conjuration/Fire             1
   b - Throw Flame                    Conjuration/Fire             2
   c - Conjure Flame                  Conjuration/Fire             3
   d - Inner Flame                    Hexes/Fire                   3
   e - Sticky Flame                   Conjuration/Fire             4
   f - Fireball                       Conjuration/Fire             5
 z - a book of Misfortune

   Spells                             Type                      Level
   a - Confusing Touch                Hexes                        1
   b - Confuse                        Hexes                        3
   c - Gell's Gravitas                Hexes/Translocation          3
   d - Petrify                        Transmutation/Earth          4
   e - Metabolic Englaciation         Hexes/Ice                    5
   f - Yara's Violent Unravelling     Hexes/Transmutation          5
Comestibles
 c - 4 bread rations
 g - a fruit
 s - a meat ration
 C - a beef jerky


   Skills:
 + Level 0.1 Fighting
 + Level 3.7 Dodging
 + Level 3.5 Stealth
 + Level 8.4 Spellcasting
 + Level 5.5 Conjurations
 + Level 6.5 Fire Magic


You had 6 spell levels left.
You knew the following spells:

 Your Spells              Type           Power        Failure   Level  Hunger
a - Flame Tongue          Conj/Fire      #####        1%          1    None
b - Throw Flame           Conj/Fire      #####.       1%          2    None
c - Conjure Flame         Conj/Fire      #####...     2%          3    None
d - Confuse               Hex            #.......     34%         3    None
e - Gell's Gravitas       Hex/Tloc       #.........   34%         3    None
f - Fireball              Conj/Fire      #####.....   28%         5    #####..


Dungeon Overview and Level Annotations

Branches:
Dungeon (7/15)             Temple (1/1) D:4

Altars:
Ashenzari
Cheibriados
Dithmenos
Fedhas
Gozag
Kikubaaqudgha
Makhleb
Qazlal
Ru
Sif Muna
Trog
Uskayaw
Vehumet
Xom
Yredelemnul
Zin
The Shining One

Shops:
D:5 }   D:6 %([[


Message History

Confirm with . or Enter, or press ? or * to list all spells.
Aiming: Flame Tongue
Press: ? - help, Shift-Dir - straight line, f/p - wyvern
Aim: a wyvern The flame tongue hits the wyvern.
The wyvern is lightly wounded.
The orc priest shouts!
The wyvern bites you! The wyvern bites you.
Casting: Flame Tongue
Confirm with . or Enter, or press ? or * to list all spells.
Aiming: Flame Tongue
Press: ? - help, Shift-Dir - straight line, f/p - wyvern
Aim: a wyvern (lightly wounded)
The flame tongue hits the wyvern.
The wyvern is lightly wounded.
The wyvern bites you!
* * * LOW HITPOINT WARNING * * *
An orc and an orc wizard come into view.
The wyvern barely misses you. The wyvern bites you!
You die...

###
.....##
... .o
.o.# ..
......#
.. .
o...#
.##o.=..#
.o#...##
#o.....#
#@l....#
#......#
##.......
.....##
.....#
....=#
######


You could see a wyvern, an orc priest, an orc wizard (wandering) and 4 orcs.

Vanquished Creatures
  A phantom (D:4)
  3 ogres
  A centaur (D:5)
  Blork the orc (D:6)
  A howler monkey (D:6)
  A bullfrog skeleton (D:6)
  4 hounds
  A jelly (D:5)
  An iguana (D:4)
  3 worker ants
  7 orc wizards
  A hound zombie (D:5)
  Robin (D:1)
  10 adders
  A shadow imp (D:6)
  An ooze (D:5)
  An adder skeleton (D:7)
  4 worms
  A dart slug (D:3)
  2 leopard geckos
  21 orcs
  A giant cockroach (D:5)
  13 goblins
  10 hobgoblins
  10 jackals
  2 quokkas
  A ball python (D:3)
  3 bats
  3 frilled lizards (D:1)
  10 kobolds
  A leopard gecko skeleton (D:6)
  4 rats
125 creatures vanquished.

Notes
Turn   | Place    | Note
-------+----------+-------------------------------------------
     0 | D:1      | McKennaii the Deep Elf Fire Elementalist began the quest for the Orb.
     0 | D:1      | Reached XP level 1. HP: 10/10 MP: 6/6
   193 | D:1      | Reached XP level 2. HP: 15/15 MP: 4/8
   700 | D:2      | Reached XP level 3. HP: 13/19 MP: 6/10
   702 | D:2      | Noticed Robin
   745 | D:1      | Killed Robin
  1073 | D:2      | Reached skill level 4 in Spellcasting
  1089 | D:2      | Reached XP level 4. HP: 24/24 MP: 6/12
  1368 | D:3      | Learned a level 2 spell: Throw Flame
  1372 | D:3      | Learned a level 3 spell: Conjure Flame
  1511 | D:3      | Reached XP level 5. HP: 21/28 MP: 8/14
  1529 | D:3      | Learned a level 5 spell: Fireball
  1547 | D:3      | Reached skill level 5 in Spellcasting
  2346 | D:4      | Reached XP level 6. HP: 32/32 MP: 9/16
  2376 | D:4      | Reached skill level 6 in Spellcasting
  2376 | D:4      | Reached skill level 5 in Fire Magic
  2526 | D:4      | Reached XP level 7. HP: 22/36 MP: 8/18
  2838 | D:4      | Found a staircase to the Ecumenical Temple.
  2860 | Temple   | Entered the Ecumenical Temple
  2982 | Temple   | Became a worshipper of Vehumet
  3151 | D:4      | Reached skill level 7 in Spellcasting
  3410 | D:5      | Entered Level 5 of the Dungeon
  3519 | D:5      | Found Pianobro's Quality Used Wands.
  3573 | D:5      | Reached skill level 5 in Conjurations
  3737 | D:5      | Reached XP level 8. HP: 41/41 MP: 17/21
  3774 | D:5      | Reached skill level 8 in Spellcasting
  3807 | D:5      | Found a burning altar of Makhleb.
  3807 | D:5      | Noticed a blizzard demon
  3923 | D:6      | Noticed Blork the orc
  3929 | D:6      | Killed Blork the orc
  4062 | D:6      | Reached * piety under Vehumet
  4062 | D:6      | Offered knowledge of Shock by Vehumet.
  4069 | D:6      | Found James's Antique Armour Boutique.
  4084 | D:6      | Bought a shimmering leather armour for 161 gold pieces
  4094 | D:6      | Identified the +2 leather armour of Serraj {rElec rC- MP+9} (You bought it in a shop on level 6 of the Dungeon)
  4220 | D:6      | Found Otseurul's Antique Armour Shop.
  4231 | D:6      | Found Zivi's Weapon Emporium.
  4241 | D:6      | Learned a level 3 spell: Confuse
  4245 | D:6      | Learned a level 3 spell: Gell's Gravitas
  4269 | D:6      | Found Ishui's Food Emporium.
  4462 | D:7      | Slain by a wyvern

Skill      XL: |  1  2  3  4  5  6  7  8 |
---------------+-------------------------+-----
Fire Magic     | 4 5 6 |  6.5
Spellcasting   | 4 5 6 7 8 |  8.4
Conjurations   | 2 3 4 5 |  5.5
Stealth        | 3 |  3.5
Dodging        | 3 |  3.7
Fighting       | |  0.1

Action                   |  1- 3 |  4- 6 |  7- 9 || total
-------------------------+-------+-------+-------++-------
Melee: Unarmed           |     2 |       |       ||     2
 Cast: Flame Tongue      |    71 |   102 |   144 ||   317
       Throw Flame       |       |     6 |    15 ||    21
       Conjure Flame     |       |     2 |     3 ||     5
       Fireball          |       |       |     3 ||     3
  Use: Scroll            |       |     4 |     5 ||     9
  Eat: Chunk             |       |     4 |     6 ||    10
       Beef jerky        |       |       |     1 ||     1
Armor: Robe              |     7 |     6 |    10 ||    23
Dodge: Dodged            |    19 |    28 |    38 ||    85
